 Dungeon Crawl Stone Soup version 0.31-a0-263-ge8cad7f256 (webtiles) character file.

Game seed: 4226732681933584174

133 qw the Shooter (level 5, -11/30 HPs)
             Began as a Gargoyle Hexslinger on July 13, 2023.
             Mangled by Sigmund
             ... wielding a +5 heavy scythe
              (13 damage)
             ... on level 4 of the Dungeon.
             The game lasted 00:00:49 (1935 turns).

qw the Shooter (Gargoyle Hexslinger)                Turns: 1935, Time: 00:00:50

Health: -11/30     AC:  8    Str: 12    XL:     5   Next: 16%
Magic:  6/6        EV: 12    Int: 13    God:
Gold:   157        SH:  0    Dex: 14    Spells: 5/6 levels left

rFire   . . .        Y - +1 sling (drain)
rCold   + . .        (no shield)
rNeg    + . .        i - +1 robe of the Endless Expanse {Will+ rCorr}
rPois   inf          (no helmet)
rElec   +            (no cloak)
rCorr   +            b - +0 pair of gloves
SInv    .            (no boots)
Will    +....        (no amulet)
Stlth   +            l - ring of protection from cold
HPRegen 0.25/turn    (no ring)
MPRegen 0.10/turn

%: no passive effects
@: about to teleport, weakened
A: sickness immunity, AC +4, negative energy resistance 1, electricity
resistance, torment resistance 1, petrification resistance
a: no special abilities


You were on level 4 of the Dungeon.
You visited 1 branch of the dungeon, and saw 4 of its levels.

You collected 157 gold pieces.


Innate Abilities, Weirdness & Mutations

You are immune to sickness and miasma.
Your stone body is resilient. (AC +4)
You are immune to poison.
You resist negative energy. (rN+)
You are resistant to electric shocks. (rElec)
You are resistant to unholy torment.
You are immune to petrification.


   Skills:
 - Level 2.0 Fighting
 + Level 4.9 Ranged Weapons
 - Level 1.5 Dodging
 - Level 1.0 Spellcasting
 - Level 2.6 Hexes


You had 5 spell levels left.
You knew the following spells:

 Your Spells              Type           Power      Damage    Failure   Level
a - Slow                  Hex            28%        N/A       10%         1

Your spell library contained the following spells:

 Spells                   Type           Power      Damage    Failure   Level
 Inner Flame              Hex/Fire       4%         N/A       43%         3
 Portal Projectile        Hex/Tloc       8%         N/A       43%         3
 Cause Fear               Hex            3%         N/A       67%         4

Inventory:

Hand Weapons
 Y - a +1 sling of draining (weapon)
Armour
 b - a +0 pair of gloves (worn)
 f - a +0 ring mail
 i - the +1 robe of the Endless Expanse (worn) {Will+ rCorr}
   (You found it on level 2 of the Dungeon)

   rCorr:     It protects you from acid and corrosion.
   Will:      It increases your willpower.
Jewellery
 l - a ring of protection from cold (left hand)
Scrolls
 g - a scroll of summoning {unknown}
Potions
 a - a potion of haste {unknown}
 d - a potion of enlightenment {unknown}
 e - a potion of lignification {unknown}
 k - a potion of heal wounds {unknown}

Dungeon Overview and Level Annotations

Branches:
Dungeon (4/15)
 Temple: D:4-7

Altars:
Zin

Annotations:
D:4 Sigmund


Message History

The gnoll hits you with a +0 club.
You shoot a sling bullet. The sling bullet hits the gnoll.
You kill the gnoll!
You shoot a sling bullet.
The sling bullet closely misses the ball python.
The ball python misses you. The ball python closely misses you.
Something hits you!
The ball python bites you but does no damage.
The ball python closely misses you.
You shoot a sling bullet.
The sling bullet closely misses the ball python.
The ball python bites you. The ball python barely misses you.
You shoot a sling bullet. The sling bullet hits the ball python.
The ball python is heavily wounded.
The gnoll is no longer moving quickly.
The ball python bites you but does no damage.
The ball python grabs you. The ball python constricts you.
The gnoll bouda gazes fiercely through you!
You feel as though you will be weak longer.
Something hits you.
You shoot a sling bullet.
The sling bullet barely misses the ball python.
The sling bullet closely misses the gnoll bouda.
The sling bullet hits the gnoll.
You drain the gnoll.
The gnoll is heavily wounded.
The ball python closely misses you. The ball python constricts you.
The ball python closely misses you. The ball python constricts you.
1933 ||| READING scroll of teleportation.
As you read the scroll of teleportation, it crumbles to dust.
You feel strangely unstable. The ball python barely misses you.
The ball python constricts you. Something hits you.
You shoot a sling bullet. The sling bullet hits the ball python.
You kill the ball python!
The gnoll is no longer moving quickly.
The gnoll bouda gazes fiercely through you!
You feel as though you will be weak longer.
You shoot a sling bullet. Something hits you!
You die... ... glg #g# #g# gg#

#{# #)#
#@# #.#
#.# ###
#.# #..
#.# #.#
#.###.#
#...#.#
###.#.#
#...#


You could see a gnoll bouda (very drained), an iguana and 5 gnolls.

Vanquished Creatures
  A sleepcap (D:3)
  A gnoll (D:4)
  4 adders
  A dart slug (D:1)
  An orc (D:3)
  5 endoplasms
  2 giant cockroaches
  5 goblins
  8 hobgoblins
  11 kobolds
  2 quokkas
  5 ball pythons
  4 bats
  3 frilled lizards
  3 rats (D:2)
56 creatures vanquished.

Notes
Turn   | Place    | Note
-------+----------+-------------------------------------------
     0 | D:1      | qw the Gargoyle Hexslinger began the quest for the Orb.
     0 | D:1      | Reached XP level 1. HP: 12/12 MP: 2/2
     0 | D:1      | 0 ||| qw: Version: 0.3-a-52-g30416fa
     0 | D:1      | 0 ||| qw: Game counter: 7114
     0 | D:1      | 0 ||| qw: Melee chars always use a shield: true
     0 | D:1      | 0 ||| qw: God list: Okawaru
     0 | D:1      | 0 ||| qw: Allow faded altars: false
     0 | D:1      | 0 ||| qw: Do Orc after clearing Dungeon:15 true
     0 | D:1      | 0 ||| qw: Do second Lair branch before Depths: true
     0 | D:1      | 0 ||| qw: Lair rune preference: random
     0 | D:1      | 0 ||| qw: Goals: Normal
     0 | D:1      | 0 ||| PLANNING D:1-11
   146 | D:1      | Reached XP level 2. HP: 16/16 MP: 3/3
   169 | D:1      | Found a faded altar of an unknown god.
   208 | D:1      | 208 ||| FLEEEEING.
   209 | D:1      | 209 ||| FLEEEEING.
   210 | D:1      | 210 ||| FLEEEEING.
   211 | D:1      | 211 ||| FLEEEEING.
   212 | D:1      | 212 ||| FLEEEEING.
   214 | D:1      | Reached skill level 3 in Ranged Weapons
   739 | D:1      | 739 ||| UPGRADING to +0 ring mail.
   749 | D:1      | 749 ||| DROPPING +0 robe.
   750 | D:1      | 750 ||| READING scroll labelled OFRIAN CECVODDOE.
   751 | D:1      | 751 ||| READING scroll labelled ROKEOMNEJOSCH.
   752 | D:1      | 752 ||| DROPPING scroll of poison.
   783 | D:2      | Reached XP level 3. HP: 21/21 MP: 4/4
   917 | D:2      | Identified the +1 robe of the Endless Expanse {Will+ rCorr}
  1046 | D:2      | Reached XP level 4. HP: 26/26 MP: 5/5
  1268 | D:2      | 1268 ||| UPGRADING to +0 pair of gloves.
  1273 | D:2      | 1273 ||| UPGRADING to +1 robe of the Endless Expanse {Will+
                  | rCorr}.
  1283 | D:2      | 1283 ||| DROPPING ring of wizardry.
  1284 | D:2      | 1284 ||| UPGRADING to ring of protection from cold.
  1285 | D:2      | 1285 ||| READING 2 scrolls labelled KAQALEE QOEN.
  1289 | D:2      | 1289 ||| READING scroll labelled YDWOTIEFAPT.
  1290 | D:2      | 1290 ||| READING scroll labelled KEGESA QEOM.
  1340 | D:3      | Reached skill level 4 in Ranged Weapons
  1662 | D:3      | Found a glowing silver altar of Zin.
  1663 | D:3      | Noticed an angel
  1841 | D:3      | 1841 ||| READING scroll labelled KIUNOS FOZUSMU.
  1862 | D:3      | 1862 ||| READING scroll labelled ORIGIF ETHRASAU.
  1917 | D:4      | Noticed Sigmund
  1921 | D:4      | Reached XP level 5. HP: 28/30 MP: 6/6
  1932 | D:4      | HP: 7/30 [constriction (1)]
  1933 | D:4      | 1933 ||| READING scroll of teleportation.
  1933 | D:4      | HP: 1/30 [something (6)]
  1935 | D:4      | Mangled by Sigmund

Levels and vault maps discovered:
D:1:      dpeg_arrival_three_same_balls, layout_loops_ring,
          basic_ecumenical_altar
D:2:      layout_rooms
D:3:      layout_rooms, zin_angel
D:4:      layout_loops_ring, uniq_sigmund

Skill      XL: |  1  2  3  4 |
---------------+-------------+-----
Ranged Weapons | 3 4 |  4.9
Fighting       | 2 |  2.0
Dodging        | |  1.5
Spellcasting   | |  1.0
Hexes          | |  2.6

Action                     |  1- 3 |  4- 6 || total
---------------------------+-------+-------++-------
   Fire: Sling             |   108 |    70 ||   178
    Use: Scroll            |     2 |     6 ||     8
 Armour: Robe              |     5 |     7 ||    12
         Ring mail         |    10 |     3 ||    13
  Dodge: Dodged            |    32 |    25 ||    57

Table legend:
 A = Non-vault XP
 B = Vault XP
 C = Vault XP percentage of total XP
 D = Non-vault monster count
 E = Vault monster count
 F = Vault count percentage of total count
                 A         B        C        D         E       F
            +---------+---------+-------+---------+---------+-------
      Total |     190 |       0 |   0.0 |      56 |       0 |   0.0
            +---------+---------+-------+---------+---------+-------
        D:1 |      33 |       0 |   0.0 |      19 |       0 |   0.0
        D:2 |      56 |       0 |   0.0 |      19 |       0 |   0.0
        D:3 |      71 |       0 |   0.0 |      14 |       0 |   0.0
        D:4 |      30 |       0 |   0.0 |       4 |       0 |   0.0
            +---------+---------+-------+---------+---------+-------
